 Dungeon Crawl Stone Soup version 0.21.1-1-g345015f (webtiles) character file.

15 kae the Firebug (level 2, -2/15 HPs)
             Began as a Tengu Fire Elementalist on Apr 5, 2018.
             Slain by an orc wizard
             ... wielding a cursed -1 dagger
              (3 damage)
             ... on level 1 of the Dungeon.
             The game lasted 00:01:13 (964 turns).

kae the Firebug (Tengu Fire Elementalist)            Turns: 964, Time: 00:01:14

Health: -2/15      AC:  3    Str:  8    XL:     2   Next: 50%
Magic:  2/6        EV: 12    Int: 15    God:
Gold:   61         SH:  0    Dex: 14    Spells: 4/5 levels left

rFire    . . .     SeeInvis .   l - +2 dagger (freeze)
rCold    . . .     Gourm    .   (no shield)
rNeg     . . .     Faith    .   a - +1 robe
rPois    .         Spirit   .   (helmet restricted)
rElec    .         Reflect  .   (no cloak)
rCorr    .         Harm     .   (no gloves)
MR       .....                  (boots unavailable)
Stlth    ++........             (no amulet)
HPRegen  0.05/turn              (no ring)
MPRegen  0.10/turn              (no ring)

@: no status effects
A: beak, talons 3
a: no special abilities


You were on level 1 of the Dungeon.
You were not hungry.

You visited 1 branch of the dungeon, and saw 2 of its levels.

You collected 61 gold pieces.

Inventory:

Hand Weapons
 l - a +2 dagger of freezing (weapon)
Armour
 a - a +1 robe (worn)
Scrolls
 h - 2 scrolls of immolation
Books
 b - a book of Flames

   Spells                             Type                      Level
   a - Flame Tongue                   Conjuration/Fire             1
   b - Throw Flame                    Conjuration/Fire             2
   c - Conjure Flame                  Conjuration/Fire             3
   d - Inner Flame                    Hexes/Fire                   3
   e - Sticky Flame                   Conjuration/Fire             4
   f - Fireball                       Conjuration/Fire             5
Comestibles
 c - 2 rations


   Skills:
 - Level 2.1 Dodging
 - Level 2.0 Stealth
 + Level 2.1 Spellcasting
 * Level 2.3 Conjurations
 * Level 3.7 Fire Magic


You had 4 spell levels left.
You knew the following spells:

 Your Spells              Type           Power        Failure   Level  Hunger
a - Flame Tongue          Conj/Fire      ##...        6%          1    #......


Dungeon Overview and Level Annotations

Branches:
Dungeon (2/15)

Altars:


Innate Abilities, Weirdness & Mutations

You have a beak for a mouth.
You have claws for feet.


Message History

Confirm with . or Enter, or press ? or * to list all spells.
Aiming: Flame Tongue
Press: ? - help, Shift-Dir - straight line, f - orc wizard
Aim: an orc wizard, wielding an enchanted dagger and wearing a robe (fast)
The flame tongue hits the orc wizard.
The orc wizard is lightly wounded.
The orc wizard hits you with an enchanted dagger.
* * * LOW HITPOINT WARNING * * *
The orc wizard hits you with an enchanted dagger.
* * * LOW HITPOINT WARNING * * *
You aren't carrying any potions.
Casting: Flame Tongue
Confirm with . or Enter, or press ? or * to list all spells.
Aiming: Flame Tongue
Press: ? - help, Shift-Dir - straight line, f/p - orc wizard
Aim: an orc wizard, wielding an enchanted dagger and wearing a robe (lightly wounded, fast)
The flame tongue hits the orc wizard.
The orc wizard is severely wounded.
The orc wizard hits you with an enchanted dagger.
You die...

#.#.....# #.# #.# #.#
#.#.###.###.# #.## #.# #...#
#..†..# #.†# #.# ###.###.#####
######.#####.# ####.....#
#.........#... .....#.###
#.####[##..... .###.#.#
########.####.##..... .###.#.##
#.............##..... ........#
##.#o@.......#........
.#.#..#.####....####.##...##..#.#
.#...#...........# #.#######..#.#
.#..#..#..##.....# #.#######..#.#
.#.#..#...###.#..# #..(.........#
.#...#....##..#..# ##########..##
....#..#.###.##..# ####..##
#..#..#..# #.##..# #.......
#....#...# #.##..# #.......


You could see an orc wizard.

Vanquished Creatures
  4 hobgoblins (D:1)
  A bat (D:1)
  2 goblins (D:1)
  4 kobolds (D:1)
  5 rats (D:1)
16 creatures vanquished.

Notes
Turn   | Place    | Note
-------+----------+-------------------------------------------
     0 | D:1      | kae the Tengu Fire Elementalist began the quest for the Orb.
     0 | D:1      | Reached XP level 1. HP: 10/10 MP: 4/4
   258 | D:1      | Reached XP level 2. HP: 4/15 MP: 0/6
   964 | D:1      | Slain by an orc wizard

Skill      XL: |  1 |
---------------+----+-----
Conjurations   | 2 |  2.3
Dodging        | |  2.1
Stealth        | |  2.0
Spellcasting   | |  2.1
Fire Magic     | |  3.7

Action                   || total
-------------------------++-------
Melee: Club              ||     7
       Kick              ||     4
       Peck              ||     2
       Dagger            ||    14
 Cast: Flame Tongue      ||    16
  Use: Scroll            ||     5
       Potion            ||     1
 Stab: Sleeping          ||     2
Armor: Robe              ||     6
Dodge: Dodged            ||    16
